 Dungeon Crawl Stone Soup version 0.31-a0-516-gfcb59812bd (webtiles) character file.

Game seed: 12546195442674274419

4 GordonOverkill the Sneak (level 1, 0/11 HPs)
             Began as a Vine Stalker Delver on Aug 10, 2023.
             Succumbed to an adder's poison
             ... on level 2 of the Dungeon.
             The game lasted 00:01:32 (280 turns).

GordonOverkill the Sneak (Vine Stalker Delver)       Turns: 280, Time: 00:01:33

Health: 0/11       AC:  3    Str: 14    XL:     1   Next: 60%
Magic:  0/2        EV: 11    Int: 10    God:
Gold:   38         SH:  0    Dex: 15    Spells: 0/0 levels left

rFire   . . .        h - +0 war axe (venom)
rCold   . . .        (no shield)
rNeg    . . .        b - +0 leather armour
rPois   .            (no helmet)
rElec   .            (no cloak)
rCorr   .            (no gloves)
SInv    .            (no boots)
Will    .....        (no amulet)
Stlth   +++          (no ring)
HPRegen 0.21/turn    (no ring)
MPRegen 0.08/turn

%: guardian spirit
@: lethally poisoned (0 -> -2), hasted, very quick
A: fangs 2, magic shield, antimagic bite, no potion heal 2
a: no special abilities


You were on level 2 of the Dungeon.
You visited 1 branch of the dungeon, and saw 5 of its levels.

You collected 38 gold pieces.

Inventory:

Hand Weapons
 a - a +0 short sword
 h - a +0 war axe of venom (weapon)
Missiles
 i - 4 boomerangs
Armour
 b - a +0 leather armour (worn)
Wands
 g - a wand of digging (3)
Scrolls
 c - a scroll of fog
 d - a scroll of revelation
 e - a scroll of fear


   Skills:
 - Level 2.6 Fighting
 - Level 2.0 Short Blades
 + Level 0.2 Axes
 + Level 0.2 Throwing
 - Level 1.5 Dodging
 - Level 6.0 Stealth


You couldn't memorise any spells.
You didn't know any spells.
Your spell library was empty.

Dungeon Overview and Level Annotations

Branches:
Dungeon (6/15)
 Temple: D:4-7

Altars:
Yredelemnul

Annotations:
D:3 Natasha


Innate Abilities, Weirdness & Mutations

You have extremely sharp teeth.
When hurt, damage is shared between your health and your magic reserves.
Your bite disrupts and absorbs the magic of your enemies.
Potions cannot restore your health.


Message History

Found 9 gold pieces.
There is a stone staircase leading down here.
The helpless goblin fails to defend itself.
You hit the goblin.
The goblin is heavily wounded.
The goblin completely misses you.
You slash the goblin!
You kill the goblin!
No target in view!
No target in view!
You now have 38 gold pieces (gained 9).
Found a stone staircase leading down.
An adder comes into view.
An adder is nearby!
You barely miss the adder. Your bite misses the adder.
The adder bites you but does no damage.
You barely miss the adder. The adder bites you. x2
You barely miss the adder. You bite the adder. You drain its power.
You feel invigorated.
The adder is moderately wounded.
The adder bites you.
* * * LOW HITPOINT WARNING * * *
The adder bites you.
* * * LOW HITPOINT WARNING * * *
You are lethally poisoned!
The adder poisons you!
You are too injured to fight recklessly!
You hit the adder.
The adder is poisoned.
You bite the adder, but do no damage.
The adder is severely wounded.
* * * LOW HITPOINT WARNING * * *
You feel sick. The adder misses you. The adder barely misses you.
You are too injured to fight recklessly!
You closely miss the adder. Your bite misses the adder.
The adder is severely wounded.
* * * LOW HITPOINT WARNING * * *
You feel sick. The adder bites you.
* * * LOW HITPOINT WARNING * * *
The adder closely misses you.
You feel yourself speed up.
You die...

..... .... ...
..###### ...>..#
#.....# #..S..#
#.@# #.## #.#
#.# #.# #... #.#
#.# .....#####.#
#.# .....#.....#
#.# ...........#
#.#
.....#.....###.#


You could see an adder (very poisoned).

Vanquished Creatures
  An orc (D:4)
  A goblin (D:2)
  A frilled lizard (D:3)
3 creatures vanquished.

Notes
Turn   | Place    | Note
-------+----------+-------------------------------------------
     0 | D:5      | GordonOverkill the Vine Stalker Delver began the quest for
                  | the Orb.
     0 | D:5      | Reached XP level 1. HP: 11/11 MP: 2/2
    11 | D:6      | Noticed an iguana
    71 | D:5      | Noticed a gnoll sergeant
    78 | D:5      | Noticed a phantom
    92 | D:5      | Found a basalt altar of Yredelemnul.
   122 | D:4      | Noticed an iguana
   210 | D:3      | Noticed Natasha
   280 | D:2      | Succumbed to an adder's poison

Illustrated notes

Levels and vault maps discovered:
D:2:      layout_rooms
D:3:      layout_rooms, jmf_multi_god_temple, serial_glass, glass_columns_c,
          glass_columns_a, uniq_natasha
D:4:      layout_basic, pdpol_wu_jian_five_deadly_venoms, minmay_surrounded,
          uniq_edmund
D:5:      layout_loops_cross, mainiacjoe_overflow_chevrons, gammafunk_ghost_hive
D:6:      layout_gridville, minmay_temple_entry_gardened_gates,
          serial_park_tiny_pond, grunt_potential

Skill      XL: |  1 |
---------------+----+-----
Short Blades   | 2 |  2.0
Fighting       | |  2.6
Axes           | |  0.2
Throwing       | |  0.2
Dodging        | |  1.5
Stealth        | |  6.0

Action                     || total
---------------------------++-------
  Melee: War axe           ||     8
         Bite              ||     2
         Short sword       ||     1
    Use: Potion            ||     1
   Stab: Sleeping          ||     3
 Armour: Leather armour    ||     1
  Dodge: Dodged            ||     4

Table legend: (Time is in decaauts)
 A = Elapsed time spent in this place.
 B = Non-inter-level travel time spent in this place.
 C = Inter-level travel time spent in this place.
 D = Time resting spent in this place.
 E = Time spent auto-exploring this place.
 F = Levels seen in this place.
 G = Mean time per level.
                   A        B        C        D        E       F      G
               +--------+--------+--------+--------+--------+-----+--------+
         Total |    282 |    282 |      0 |      0 |     11 |   5 |   56.4 |
       Dungeon |    282 |    282 |      0 |      0 |     11 |   5 |   56.4 |
               +--------+--------+--------+--------+--------+-----+--------+

Top non-repeatable levels by time:
     D:5: 103 daAuts
     D:4: 102 daAuts
     D:3: 47 daAuts
     D:2: 28 daAuts
     D:6: 1 daAuts
